 Dungeon Crawl Stone Soup version 0.29-a0-308-g4e025c60ea (webtiles) character file.

Game seed: 13957591610915481900

786 EnegeticOcto the Slicer (level 7, -12/41 HPs)
             Began as a Tengu Delver on Mar 28, 2022.
             Was a Believer of Uskayaw.
             Mangled by an orc wizard
             ... wielding a +2 dagger of electrocution
              (20 damage)
             ... on level 5 of the Dungeon.
             The game lasted 00:08:36 (3531 turns).

EnegeticOcto the Slicer (Tengu Delver)              Turns: 3531, Time: 00:08:36

Health: -12/41     AC:  0    Str: 12    XL:     7   Next: 87%
Magic:  1/10       EV: 17    Int: 11    God:    Uskayaw [**....]
Gold:   217        SH:  4    Dex: 17    Spells: 6/6 levels left

rFire   . . .      SeeInvis .   r - +0 rapier
rCold   . . .      Faith    .   v - +0 buckler
rNeg    . . .      Spirit   .   b - +1 leather armour
rPois   .          Reflect  .   (helmet restricted)
rElec   .          Harm     .   (no cloak)
rCorr   .          Rampage  .   (no gloves)
Will    .....                   (boots unavailable)
Stlth   +++.......              m - amulet of regeneration
HPRegen 0.93/turn               j - +4 ring of slaying
MPRegen 0.12/turn               k - +4 ring of evasion

@: corroded, flying quickly and evasively, quick
A: beak, talons 3, nimble flight
a: Renounce Religion, Stomp, Line Pass


You were on level 5 of the Dungeon.
You worshipped Uskayaw.
Uskayaw was noncommittal.
You visited 2 branches of the dungeon, and saw 6 of its levels.

You collected 273 gold pieces.
You spent 56 gold pieces at shops.

Inventory:

Hand Weapons
 a - a +0 short sword
 r - a +0 rapier (weapon)
   (You found it on level 1 of the Dungeon)
Missiles
 p - 2 poisoned darts
 y - 3 boomerangs (quivered)
Armour
 b - a +1 leather armour (worn)
 v - a +0 buckler (worn)
   (You found it on level 2 of the Dungeon)
Jewellery
 j - a +4 ring of slaying (left hand)
   (You found it on level 4 of the Dungeon)
 k - a +4 ring of evasion (right hand)
   (You found it on level 4 of the Dungeon)
 l - a +6 ring of dexterity
   (You found it on level 3 of the Dungeon)
 m - an amulet of regeneration (around neck)
   (You found it on level 5 of the Dungeon)
 x - a ring of willpower
   (You found it on level 3 of the Dungeon)
 z - a ring of wizardry
   (You found it on level 4 of the Dungeon)
 B - a ring of ice
   (You found it on level 5 of the Dungeon)
Wands
 g - a wand of digging (3) {@v3}
 h - a wand of paralysis (3)
   (You found it on level 5 of the Dungeon)
Scrolls
 c - 3 scrolls of fog {!r}
 d - a scroll of magic mapping {@r5 !r}
 e - a scroll of fear {!r}
 n - a scroll of teleportation {@r3 !r}
 o - a scroll of blinking {@r4}
 s - 2 scrolls of enchant armour
 u - a scroll of enchant weapon {unknown}
Potions
 f - 3 potions of haste {@q4 !q}
 i - 3 potions of mutation {unknown}
 q - 2 potions of curing {@q1 !q}
 t - 2 potions of lignification {@q6}
 w - a potion of ambrosia
 A - a potion of attraction {unknown}


   Skills:
 - Level 3.0 Fighting
 + Level 8.7 Short Blades
 - Level 2.1 Dodging
 - Level 5.0 Stealth
 + Level 3.0 Invocations


You had 6 spell levels left.
You didn't know any spells.
Your spell library contained the following spells:

 Spells                   Type           Power      Damage    Failure   Level
 Animate Skeleton         Necr           0%         N/A       54%         1
 Apportation              Tloc           0%         N/A       54%         1
 Summon Small Mammal      Summ           0%         N/A       54%         1
 Scorch                   Fire           0%         2d5       67%         2
 Sublimation of Blood     Necr           0%         N/A       67%         2
 Gell's Gravitas          Tloc           0%         N/A       88%         3
 Teleport Other           Tloc           0%         N/A       88%         3
 Flame Wave               Conj/Fire      0%         2d4       99%         4
 Petrify                  Tmut/Erth      0%         N/A       99%         4
 Irradiate                Conj/Tmut      0%         3d13      100%        5
 Dispersal                Tloc           0%         N/A       100%        6
 Summon Cactus Giant      Summ           0%         N/A       100%        6


Dungeon Overview and Level Annotations

Branches:
Dungeon (5/15)             Temple (1/1) D:4

Altars:
Ashenzari
Dithmenos
Elyvilon
Gozag
Kikubaaqudgha
Nemelex Xobeh
Uskayaw
Wu Jian
Xom
Yredelemnul
The Shining One

Shops:
D:1 !   D:3 =   D:5 [


Innate Abilities, Weirdness & Mutations

You have a beak for a mouth.
You have claws for feet.
Your magical nature lets you fly swiftly and evasively.


Message History

The centaur kicks you but does no damage.
You hit the centaur but do no damage.
The centaur is heavily wounded.
You block the centaur's attack. The centaur completely misses you.
You closely miss the centaur.
The centaur is heavily wounded.
The centaur hits you but does no damage.
The centaur kicks you but does no damage.
The centaur hits you but does no damage.
The centaur kicks you.
You hit the centaur. Your kick misses the centaur.
The centaur is heavily wounded.
The centaur completely misses you. The centaur closely misses you.
A centaur is nearby!
A centaur is nearby!
You hit the centaur. You claw the centaur.
You kill the centaur!
You can now pass through a line of other dancers.
Your Invocations skill increases to level 2!
No target in view!
No target in view!
No target in view!
Things that are here:
a +0 shortbow; a centaur corpse You see here 17 stones.
There is a shaft here.
Found an opal ring.
The helpless water moccasin fails to defend itself.
You perforate the water moccasin like a sieve!!!
You kill the water moccasin!
B - a ring of ice
Found a stone staircase leading down.
An orc comes into view. It is wielding a +0 dagger.
An orc comes into view. It is wielding a +0 hand axe.
An orc priest and a jelly come into view.
The orc shouts!
The orc priest shouts!
An orc wizard comes into view.
It is wielding a +2 dagger of electrocution.
An orc comes into view. It is wielding a +0 dagger.
The jelly quivers.
The orc priest invokes the aid of Beogh against you.
Beogh smites you!
The orc wizard shouts!
You hit the orc. You claw the orc.
You kill the orc!
You hear a bark!
Throw: 3 boomerangs
Press: ? - help, Q - select action, (/) - cycle Shift-Dir - straight line, f - orc wizard
Aim: an orc wizard, wielding a +2 dagger of electrocution and wearing a +0 robe (59% to hit)
Okay, then.
Okay, then.
Okay, then.
Okay, then.
Okay, then.
The orc completely misses you.
You see here a +0 dagger.
You barely miss the jelly. You peck the jelly.
The jelly is moderately wounded.
You hit the jelly.
Your hands burn!
Your kick misses the jelly.
The jelly is moderately wounded.
A hound comes into view.
The orc completely misses you. The jelly hits you. The acid corrodes you!
You are splashed with acid!
You stomp with the beat, sending a shockwave through the revellers around you!
The orc is heavily wounded.
The jelly is severely wounded.
The orc wizard is moderately wounded.
You can no longer stomp with the beat.
The orc barely misses you. The jelly barely misses you.
You can now stomp with the beat.
You stomp with the beat, sending a shockwave through the revellers around you!
The orc wizard is severely wounded.
The orc is almost dead.
You kill the jelly!
You can no longer stomp with the beat.
You can now stomp with the beat.
Your Invocations skill increases to level 3!
You stomp with the beat, sending a shockwave through the revellers around you!
The orc is severely wounded.
You kill the orc!
The orc wizard is almost dead.
The orc priest is moderately wounded.
You can no longer stomp with the beat.
The hound barks!
The orc wizard hits you with a +2 dagger of electrocution.
The orc closely misses you. The orc priest misses you.
You can now stomp with the beat.
You hit the orc priest but do no damage.
You claw the orc priest!
The orc priest is severely wounded.
The orc wizard closely misses you. The orc completely misses you.
The orc priest hits you with a +0 dagger.
* * * LOW HITPOINT WARNING * * *
You can now pass through a line of other dancers.
You hit the orc priest. Your kick misses the orc priest.
You peck the orc priest.
The orc priest is almost dead.
The hound completely misses you.
The orc wizard hits you with a +2 dagger of electrocution.
* * * LOW HITPOINT WARNING * * *
You are electrocuted!!
You die...

...........#.......#...
###.....####.......... .
#.......##.......... ..
#.#.....#...#....... ...
##.........#.......
#...##....##............
#........###........##.
###......# ##.......###
#..)@o.# #.........##
##.hoo............###
#...............#...#.
##..............#..>..
#......##.........###
##.....#.........####
.........#......###.
.........##......##..
>.......#...


You could see a hound, an orc priest, an orc wizard and an orc.

Vanquished Creatures
  A water moccasin (D:5)
  2 ogres (D:5)
  A centaur (D:5)
  2 hounds
  An orc priest (D:4)
  2 jellies
  Natasha (thrice) (D:3)
  2 orc wizards (D:4)
  Robin (D:4)
  2 adders
  A worm (D:4)
  18 orcs
  7 bats
  7 endoplasms
  2 giant cockroaches
  13 goblins
  8 hobgoblins
  12 jackals
  8 kobolds
  2 quokkas
  5 ball pythons
  2 frilled lizards
  10 rats
112 creatures vanquished.

Notes
Turn   | Place    | Note
-------+----------+-------------------------------------------
     0 | D:5      | EnegeticOcto the Tengu Delver began the quest for the Orb.
     0 | D:5      | Reached XP level 1. HP: 14/14 MP: 2/2
     3 | D:5      | Found Dapsuj's Armour Boutique.
    96 | D:5      | Noticed an ogre
   155 | D:5      | Noticed a water moccasin
   180 | D:5      | Noticed a hound
   195 | D:4      | Reached XP level 2. HP: 19/19 MP: 3/3
   233 | D:4      | Reached skill level 3 in Short Blades
   261 | D:4      | Reached skill level 4 in Short Blades
   261 | D:4      | Reached XP level 3. HP: 23/23 MP: 4/4
   275 | D:4      | Found a staircase to the Ecumenical Temple.
   283 | Temple   | Entered the Ecumenical Temple
   453 | Temple   | Became a worshipper of Uskayaw the Reveller
   537 | D:4      | Noticed Robin
   539 | D:4      | Reached * piety under Uskayaw
   540 | D:4      | Reached XP level 4. HP: 28/28 MP: 5/5
   548 | D:5      | Noticed an ogre
   551 | D:5      | Reached skill level 5 in Short Blades
   556 | D:5      | Reached ** piety under Uskayaw
   557 | D:5      | Killed an ogre
   558 | D:5      | Reached skill level 6 in Short Blades
   558 | D:5      | Gained mutation: Your magical nature lets you fly swiftly
                  | and evasively. [Tengu growth]
   558 | D:5      | Reached XP level 5. HP: 21/32 MP: 6/6
   558 | D:5      | Reached *** piety under Uskayaw
   689 | D:5      | Found a broken altar of Ashenzari.
   754 | D:3      | Found Xiryqota's Jewellery Boutique.
   932 | D:1      | Found Naczaz's Distillery.
   936 | D:1      | Bought a potion of curing for 42 gold pieces
   936 | D:1      | Bought a potion of degeneration for 14 gold pieces
   941 | D:1      | Found a faded altar of an unknown god.
  1111 | D:1      | Reached XP level 6. HP: 37/37 MP: 7/7
  2262 | D:3      | Noticed Natasha
  2270 | D:3      | Killed Natasha
  2271 | D:3      | Reached skill level 7 in Short Blades
  2323 | D:3      | Noticed Natasha
  2332 | D:3      | Killed Natasha
  2641 | D:3      | Noticed Natasha
  2646 | D:3      | Killed Natasha
  3057 | D:4      | Killed Robin
  3251 | D:4      | Reached XP level 7. HP: 40/41 MP: 8/8
  3253 | D:4      | Reached skill level 1 in Invocations
  3268 | D:4      | Reached skill level 8 in Short Blades
  3451 | D:5      | Reached skill level 2 in Invocations
  3529 | D:5      | Reached skill level 3 in Invocations
  3531 | D:5      | Mangled by an orc wizard

Illustrated notes

Levels and vault maps discovered:
D:1:      minmay_arrival_four_circles, layout_loops_corners, serial_shops, shop,
          ebering_ecumenical_altar_webs, chequers_serial_rivers_micro_b
D:2:      layout_basic, grunt_decor_clamped
D:3:      layout_basic, serial_curves, eino_curves_04, eino_curves_03,
          eino_curves_03, serial_shops, nicolae_lakefront_shop, uniq_natasha
D:4:      layout_rooms, minmay_temple_entry_hall, grunt_ministairs_9, uniq_robin
D:5:      layout_cave_pools, cheibrodos_ashenzari_chains, serial_shops, shop
Temple:   minmay_temple_curvy_branch

Skill      XL: |  1  2  3  4  5  6  7 |
---------------+----------------------+-----
Short Blades   | 4 6 7 8 |  8.7
Invocations    | 3 |  3.0
Fighting       | |  3.0
Dodging        | |  2.1
Stealth        | |  5.0

Action                   |  1- 3 |  4- 6 |  7- 9 || total
-------------------------+-------+-------+-------++-------
Melee: Short sword       |    21 |    55 |       ||    76
       Kick              |     4 |    26 |     8 ||    38
       Peck              |     3 |    16 |     6 ||    25
       Punch             |     1 |       |       ||     1
       Rapier            |       |    72 |    24 ||    96
Throw: Dart              |       |       |     2 ||     2
Invok: Stomp             |       |       |     3 ||     3
Evoke: Wand              |     3 |     4 |       ||     7
  Use: Scroll            |       |     6 |       ||     6
 Stab: Paralysed         |     2 |     3 |     1 ||     6
       Sleeping          |     1 |    12 |     1 ||    14
Armor: Leather armour    |     8 |    11 |     5 ||    24
Dodge: Dodged            |     7 |    65 |    19 ||    91
Block: Buckler           |       |     5 |     2 ||     7

Table legend: (Time is in decaauts)
 A = Elapsed time spent in this place.
 B = Non-inter-level travel time spent in this place.
 C = Inter-level travel time spent in this place.
 D = Time resting spent in this place.
 E = Time spent auto-exploring this place.
 F = Levels seen in this place.
 G = Mean time per level.
                   A        B        C        D        E       F      G
               +--------+--------+--------+--------+--------+-----+--------+
         Total |   3252 |   3078 |    174 |    208 |   2032 |   6 |  542.0 |
       Dungeon |   3056 |   2906 |    150 |    208 |   1870 |   5 |  611.2 |
        Temple |    195 |    171 |     24 |      0 |    162 |   1 |  195.0 |
               +--------+--------+--------+--------+--------+-----+--------+

Top non-repeatable levels by time:
     D:1: 759 daAuts
     D:3: 756 daAuts
     D:2: 535 daAuts
     D:5: 519 daAuts
     D:4: 485 daAuts
  Temple: 195 daAuts
